 Dungeon Crawl Stone Soup version 0.31.0-11-ge490571c62 (webtiles) character file.

Game seed: 17795939954741816025

63 qw the Shooter (level 3, -1/18 HPs)
             Began as a Spriggan Hunter on Feb 4, 2024.
             Slain by a quokka (4 damage)
             ... on level 2 of the Dungeon.
             The game lasted 00:00:03 (813 turns).

qw the Shooter (Spriggan Hunter)                     Turns: 813, Time: 00:00:03

Health: -1/18      AC:  2    Str:  7    XL:     3   Next: 89%
Magic:  4/4        EV: 19    Int: 10    God:
Gold:   61         SH:  0    Dex: 20    Spells: 2/2 levels left

rFire   . . .        a - +0 shortbow
rCold   . . .        (shield currently unavailable)
rNeg    . . .        c - +0 robe
rPois   .            (helmet restricted)
rElec   .            (no cloak)
rCorr   .            (gloves unavailable)
SInv    +            (boots unavailable)
Will    .....        (no amulet)
Stlth   ++           (no ring)
HPRegen 0.23/turn    (no ring)
MPRegen 0.09/turn

%: no passive effects
@: about to teleport, very quick
A: very small, no large weapons, unfitting armour, see invisible, speed 3
a: no special abilities


You were on level 2 of the Dungeon.
You visited 1 branch of the dungeon, and saw 2 of its levels.

You collected 61 gold pieces.


Innate Abilities, Weirdness & Mutations

You are very small and have problems with some larger weapons.
You are too small for most types of armour.
You have supernaturally acute eyesight. (SInv)
You cover ground extremely quickly. (Speed+++)


   Skills:
 - Level 1.5 Fighting
 - Level 5.0 Ranged Weapons
 + Level 4.0 Dodging
 - Level 1.5 Stealth


You had 2 spell levels left.
You didn't know any spells.
Your spell library was empty.

Inventory:

Hand Weapons
 a - a +0 shortbow (weapon)
Armour
 c - a +0 robe (worn)
Scrolls
 b - a scroll of identify
 i - a scroll of teleportation
Potions
 g - a potion of curing

Dungeon Overview and Level Annotations

Branches:
Dungeon (2/15)

Altars:


Message History

You shoot an arrow. The kobold shouts!
The arrow hits the ribbon worm!
You kill the ribbon worm!
A quokka comes into view.
The adder closely misses you. The rat bites you. The adder barely misses you.
The quokka moves out of view.
You shoot an arrow. The arrow hits the adder.
The adder is heavily wounded.
The rat closely misses you. The hobgoblin misses you.
The adder barely misses you. The rat completely misses you.
The hobgoblin completely misses you.
An endoplasm comes into view.
You shoot an arrow. The arrow misses the adder.
The endoplasm quivers.
The adder bites you. The adder bites you but does no damage. The rat bites you.
The hobgoblin hits you but does no damage.
The endoplasm jiggles.
You shoot an arrow. The arrow hits the adder.
You kill the adder!
The hobgoblin misses you. The rat completely misses you.
Your Ranged Weapons skill increases to level 5!
You shoot an arrow.
The arrow hits the quokka but does no damage.
The quokka misses you. The rat misses you. The hobgoblin closely misses you.
You shoot an arrow. The arrow closely misses the quokka.
The quokka misses you. The hobgoblin hits you. The rat bites you.
The quokka bites you.
811 ||| READING 2 scrolls of teleportation.
As you read the scroll of teleportation, it crumbles to dust.
You feel strangely unstable. The rat barely misses you.
The hobgoblin misses you. The quokka closely misses you.
You shoot an arrow. The arrow barely misses the quokka.
The rat closely misses you. The quokka closely misses you.
The hobgoblin misses you.
You shoot an arrow. The arrow barely misses the quokka.
The quokka misses you. The rat misses you. The hobgoblin misses you.
The quokka bites you.
You die...

#.###...######.#
# #..........#
#..#####.###
.....# #.##
#####.# #..# #.#
##.# #. #.# #.
#.# #@#
#rgrrJ.....
#..##K.#.....
#$# .#.. ...# #
# #.. ..# ..# ..
... # #...


You could see an endoplasm, a quokka, a hobgoblin, a kobold and 2 rats.

Vanquished Creatures
  3 adders (D:2)
  3 dart slugs (D:1)
  A ribbon worm (D:2)
  A ball python (D:1)
  2 bats (D:1)
  3 endoplasms (D:1)
  2 giant cockroaches (D:1)
  A hobgoblin (D:1)
  2 jackals (D:1)
  2 quokkas
  2 frilled lizards (D:1)
  A goblin (D:1)
  2 kobolds (D:1)
  5 rats
30 creatures vanquished.

Notes
Turn   | Place    | Note
-------+----------+-------------------------------------------
     0 | D:1      | qw the Spriggan Hunter began the quest for the Orb.
     0 | D:1      | Reached XP level 1. HP: 10/10 MP: 2/2
     0 | D:1      | 0 ||| qw: Version: 0.3-a-160-g6735b56
     0 | D:1      | 0 ||| qw: Game counter: 5392
     0 | D:1      | 0 ||| qw: Melee chars always use a shield: true
     0 | D:1      | 0 ||| qw: God list: Okawaru
     0 | D:1      | 0 ||| qw: Allow faded altars: false
     0 | D:1      | 0 ||| qw: Do Orc after clearing Dungeon:15 true
     0 | D:1      | 0 ||| qw: Do second Lair branch before Depths: true
     0 | D:1      | 0 ||| qw: Lair rune preference: random
     0 | D:1      | 0 ||| qw: Goals: Normal
     0 | D:1      | 0 ||| PLANNING D:1-11
    62 | D:1      | Reached skill level 3 in Dodging
   103 | D:1      | Reached XP level 2. HP: 14/14 MP: 3/3
   467 | D:1      | Found a faded altar of an unknown god.
   491 | D:1      | Reached XP level 3. HP: 18/18 MP: 4/4
   522 | D:1      | 522 ||| READING 4 scrolls labelled XYOMU OCAIGAJEE.
   522 | D:1      | 522 ||| IDENTIFYING murky orange potion
   523 | D:1      | 523 ||| READING 3 scrolls of identify.
   523 | D:1      | 523 ||| IDENTIFYING white potion
   524 | D:1      | 524 ||| READING 2 scrolls of identify.
   524 | D:1      | 524 ||| IDENTIFYING scroll labelled CUWYR REODELU
   525 | D:1      | 525 ||| READING scroll of identify.
   525 | D:1      | 525 ||| IDENTIFYING scroll labelled OZOTAQ TYESCH
   526 | D:1      | 526 ||| READING 3 scrolls labelled IRUGHOC MOCA.
   531 | D:1      | 531 ||| DROPPING scroll of butterflies.
   532 | D:1      | 532 ||| DROPPING potion of degeneration.
   533 | D:1      | 533 ||| DROPPING scroll of vulnerability.
   534 | D:1      | 534 ||| DROPPING scroll of revelation.
   809 | D:2      | Reached skill level 5 in Ranged Weapons
   810 | D:2      | HP: 3/18 [quokka (4)]
   811 | D:2      | 811 ||| READING 2 scrolls of teleportation.
   813 | D:2      | Slain by a quokka

Levels and vault maps discovered:
D:1:      dpeg_arrival_ternary, layout_rooms,
          shapermc_ecumenical_altar_flowoftime, minmay_tree_intersection,
          columned_hall_lemuel
D:2:      layout_loops_corners, minivault_26, minmay_increasing_density,
          uniq_robin

Skill      XL: |  1  2  3 |
---------------+----------+-----
Dodging        | 3 4 |  4.0
Ranged Weapons | 5 |  5.0
Fighting       | |  1.5
Stealth        | |  1.5

Action                     || total
---------------------------++-------
   Fire: Shortbow          ||    84
    Use: Scroll            ||     6
 Armour: Robe              ||    13
  Dodge: Dodged            ||    48

Table legend:
 A = Non-vault XP
 B = Vault XP
 C = Vault XP percentage of total XP
 D = Non-vault monster count
 E = Vault monster count
 F = Vault count percentage of total count
                 A         B        C        D         E       F
            +---------+---------+-------+---------+---------+-------
      Total |      87 |       4 |   4.4 |      29 |       1 |   3.3
            +---------+---------+-------+---------+---------+-------
        D:1 |      44 |       0 |   0.0 |      24 |       0 |   0.0
        D:2 |      43 |       4 |   8.5 |       5 |       1 |  16.7
            +---------+---------+-------+---------+---------+-------
